 Dungeon Crawl Stone Soup version 0.20.1-1-g8b1a95d (webtiles) character file.

1368 myopia the Covert (level 8, -3/50 HPs)
             Began as an Octopode Assassin on Jan 1, 2018.
             Slain by a slime creature (12 damage)
             ... on level 5 of the Dungeon.
             The game lasted 00:19:34 (4433 turns).

myopia the Covert (Octopode Assassin)               Turns: 4433, Time: 00:19:34

Health: -3/50      AC:  1    Str: 10    XL:     8   Next: 65%
Magic:  8/8        EV: 13    Int: 14    God:
Gold:   145        SH:  0    Dex: 15    Spells: 7/7 levels left

rFire    . . .     SeeInvis .   C - +0 dagger (venom)
rCold    . . .     Gourm    .   (no shield)
rNeg     . . .     Faith    .   (helmet restricted)
rPois    +         Spirit   .   (no amulet)
rElec    .         Reflect  .   y - ring of poison resistance
rCorr    .         Harm     .   (no ring)
MR       .....                  (no ring)
Stlth    ++++++....             (no ring)
Regen    0.2/turn               (no ring)
MPRegen  0.2/turn               (no ring)
                                (no ring)
                                (no ring)

@: no status effects
A: almost no armour, stealthy swim, amphibious, 8 rings, constrict 8, camouflage
1, gelatinous body 1
a: no special abilities


You were on level 5 of the Dungeon.
You were hungry.

You visited 1 branch of the dungeon, and saw 5 of its levels.

You collected 261 gold pieces.
You spent 116 gold pieces at shops.

Inventory:

Hand Weapons
 a - a +3 dagger
 b - a +0 blowgun
 C - a +0 dagger of venom (weapon)
Missiles
 c - 22 poisoned needles
 d - 2 curare-tipped needles
 i - 43 bolts
 k - 51 arrows
 r - 31 sling bullets
Jewellery
 y - a ring of poison resistance (left tentacle)
Wands
 x - a wand of digging (4/24)
Scrolls
 j - 2 scrolls of recharging
 s - 3 scrolls of teleportation
 w - a scroll of fear {unknown}
 z - a scroll of brand weapon {unknown}
 A - a scroll of enchant armour {unknown}
Potions
 e - 3 potions of agility
 g - a potion of mutation {unknown}
 h - 2 potions of lignification
 m - a potion of brilliance
 n - 2 potions of might {unknown}
 o - 2 potions of ambrosia
 q - a potion of heal wounds {unknown}
 v - a potion of flight {unknown}
 B - a potion of cancellation {unknown}
Comestibles
 f - 4 bread rations
 l - 4 meat rations
 t - 2 royal jellies
 u - a fruit


   Skills:
 - Level 2.0 Fighting
 + Level 7.6 Short Blades
 - Level 2.0 Throwing
 - Level 1.0 Dodging
 + Level 11.4 Stealth


You had 7 spell levels left.
You didn't know any spells.

Dungeon Overview and Level Annotations

Branches:
Dungeon (5/15)
 Temple: D:4-7

Altars:
Ashenzari
Makhleb
Sif Muna
Uskayaw

Shops:
D:4 *


Innate Abilities, Weirdness & Mutations

You cannot wear most types of armour.
You are very stealthy in the water. (Stealth+)
You are amphibious.
You can wear up to eight rings at the same time.
You can use your tentacles to constrict eight enemies at once.
Your skin changes colour to match your surroundings (Stealth+).
Your rubbery body absorbs attacks. (AC +1, EV +1)


Message History

The ooze hits you. The slime creature closely misses you.
You hit the ooze but do no damage.
The ooze is poisoned.
The ooze closely misses you.
You hit the ooze.
The ooze looks as sick as possible!
The ooze is moderately wounded.
The slime creature hits you.
You hit the ooze. You squeeze the ooze.
The ooze is severely wounded.
The ooze hits you but does no damage. The slime creature hits you!
* * * LOW HITPOINT WARNING * * *
You kill the ooze!
You feel better. The slime creature closely misses you.
The slime creature hits you.
* * * LOW HITPOINT WARNING * * *
You hit the slime creature but do no damage.
Your squeeze misses the slime creature. You hit the slime creature.
The slime creature is lightly wounded.
The slime creature hits you!
You die...

.......#......###....####
.#######......#
#....'..## ## ####...#
########(# #...#
##.....(##
#...###'########
##.###........J# #.#
#÷P.P...P.# #.#
#.......P.#
#######.###@P...P.÷÷#
.........##÷J.÷.....#
..###.#.###.P......$# #
#....############
#.###....## ###........>#
.......)#.### ####.##<#.#
#. #.#.#


You could see a slime creature.

Vanquished Creatures
  Grinder (D:5)
  A slime creature (D:5)
  Menkaure (D:5)
  A phantom (D:5)
  The ghost of digijack the Sneak, an amateur DrWn (D:3)
  A big kobold (D:5)
  A bullfrog skeleton (D:4)
  A jelly (D:5)
  An orc wizard (D:4)
  2 orc priests
  An iguana (D:4)
  6 worker ants
  Robin (D:3)
  4 gnolls (D:4)
  11 adders
  A shadow imp (D:5)
  4 oozes (D:5)
  An adder skeleton (D:5)
  4 worms
  A dart slug (D:1)
  6 leopard geckos
  8 orcs
  2 ball pythons
  4 giant cockroaches
  16 goblins
  14 hobgoblins
  4 jackals (D:3)
  A quokka (D:4)
  5 bats
  4 frilled lizards
  7 kobolds
  2 leopard gecko skeletons (D:4)
  6 rats
124 creatures vanquished.

Vanquished Creatures (others)
  10 toadstools (D:5)
10 creatures vanquished.

Grand Total: 134 creatures vanquished

Notes
Turn   | Place    | Note
-------+----------+-------------------------------------------
     0 | D:1      | myopia the Octopode Assassin began the quest for the Orb.
     0 | D:1      | Reached XP level 1. HP: 14/14 MP: 1/1
   193 | D:1      | Reached XP level 2. HP: 15/19 MP: 2/2
   710 | D:1      | Reached XP level 3. HP: 23/24 MP: 3/3
   753 | D:2      | Reached skill level 6 in Stealth
  1133 | D:2      | Found a hide-covered altar of Uskayaw.
  1264 | D:3      | Found a burning altar of Makhleb.
  1264 | D:3      | Noticed a balrug
  1269 | D:3      | Noticed a smoke demon
  1269 | D:3      | Noticed a smoke demon
  1326 | D:3      | Reached XP level 4. HP: 19/29 MP: 4/4
  1406 | D:3      | Noticed Robin
  1415 | D:3      | Killed Robin
  1515 | D:3      | Found a faded altar of an unknown god.
  1517 | D:3      | Noticed digijack's ghost (amateur DrWn)
  1812 | D:4      | Reached skill level 7 in Stealth
  1812 | D:4      | Reached XP level 5. HP: 21/34 MP: 5/5
  1980 | D:4      | Reached XP level 6. HP: 8/39 MP: 6/6
  2203 | D:4      | Reached skill level 8 in Stealth
  2428 | D:4      | Found Gaisu's Assorted Antiques.
  2436 | D:4      | Bought a scroll labeled GAT FIASTYCI for 20 gold pieces
  2436 | D:4      | Bought a scroll labeled VUUG DIFOUB for 20 gold pieces
  2436 | D:4      | Bought a puce potion for 18 gold pieces
  2436 | D:4      | Bought a scroll labeled FEFOIFF UPHUSM for 20 gold pieces
  2436 | D:4      | Bought a scroll labeled GAT FIASTYCI for 20 gold pieces
  2436 | D:4      | Bought a brown potion for 18 gold pieces
  2511 | D:4      | Reached skill level 5 in Short Blades
  2835 | D:4      | Found a shattered altar of Ashenzari.
  3201 | D:3      | Killed digijack's ghost
  3201 | D:3      | Reached skill level 9 in Stealth
  3201 | D:3      | Reached XP level 7. HP: 12/45 MP: 7/7
  3569 | D:3      | Found a deep blue altar of Sif Muna.
  3671 | D:5      | Entered Level 5 of the Dungeon
  3960 | D:5      | Noticed Menkaure
  3967 | D:5      | Killed Menkaure
  3967 | D:5      | Reached skill level 10 in Stealth
  4044 | D:5      | Noticed Grinder
  4046 | D:5      | Killed Grinder
  4046 | D:5      | Reached XP level 8. HP: 50/50 MP: 8/8
  4399 | D:5      | Noticed a slime creature
  4399 | D:5      | Noticed a slime creature
  4421 | D:5      | Killed a slime creature
  4421 | D:5      | Reached skill level 11 in Stealth
  4426 | D:5      | HP: 1/50 [slime creature (15)]
  4433 | D:5      | Slain by a slime creature

Skill      XL: |  1  2  3  4  5  6  7  8 |
---------------+-------------------------+-----
Short Blades   | 3 4 5 6 7 |  7.6
Stealth        | 6 7 9 10 11 | 11.4
Fighting       | |  2.0
Throwing       | |  2.0
Dodging        | |  1.0

Action                   |  1- 3 |  4- 6 |  7- 9 || total
-------------------------+-------+-------+-------++-------
Melee: Dagger            |    56 |   150 |   119 ||   325
       Constrict         |    14 |    29 |    15 ||    58
       Tentacles         |     6 |    31 |    22 ||    59
  Use: Scroll            |     6 |     4 |       ||    10
       Potion            |       |     3 |     1 ||     4
 Stab: Sleeping          |    11 |    15 |     5 ||    31
       Distracted        |     1 |     1 |     1 ||     3
  Eat: Chunk             |     1 |     5 |     2 ||     8
       Fruit             |       |     1 |     2 ||     3
Armor: Skin              |     6 |     5 |     4 ||    15
Dodge: Dodged            |    26 |    75 |    59 ||   160
